 Dungeon Crawl Stone Soup version 0.19.1 (webtiles) character file.

1341 nikopol the Skirmisher (level 8, 0/73 HPs)
             Began as a Minotaur Berserker on Nov 28, 2016.
             Was an Elder of Trog.
             Slain by a gnoll
             ... wielding a +0 spear
              (4 damage)
             ... on level 6 of the Dungeon.
             The game lasted 00:15:09 (4179 turns).

nikopol the Skirmisher (Minotaur Berserker)         Turns: 4179, Time: 00:15:10

Health: 0/73       AC:  8    Str: 30    XL:     8   Next: 35%
Magic:  7/7        EV: 14    Int:  4    God:    Trog [****..]
Gold:   47         SH:  0    Dex: 12    Spells: 0 memorised, 7 levels left

rFire  . . .     SeeInvis .     a - +1 battleaxe
rCold  . . .     Gourm    .     z - +2 ring mail of the Amoeba {+Inv MR- Regen+ Str+3}
rNeg   . . .     Faith    .     (shield currently unavailable)
rPois  .         Spirit   .     (helmet restricted)
rElec  .         Reflect  .     (no cloak)
rCorr  .         Harm     .     (no gloves)
MR     .....     Rnd*Tele +     (no boots)
Stlth  +.........               (no amulet)
                                w - ring of teleportation (curse)
                                (no ring)

@: mighty, exhausted, slowed, very slow
A: retaliatory headbutt, horns 2
a: Berserk, Trog's Hand, Brothers in Arms, Burn Spellbooks, Renounce Religion,
Evoke Invisibility


You were on level 6 of the Dungeon.
You worshipped Trog.
Trog was greatly pleased with you.
You were very hungry.

You visited 1 branch of the dungeon, and saw 6 of its levels.

You collected 254 gold pieces.
You spent 207 gold pieces at shops.

Inventory:

Hand Weapons
 a - a +1 battleaxe (weapon)
 v - a +0 hand axe
Missiles
 y - 15 arrows (quivered)
Armour
 b - a +0 animal skin
 g - a +0 ring mail
 z - the +2 ring mail of the Amoeba (worn) {+Inv MR- Regen+ Str+3}
   (You bought it in a shop on level 5 of the Dungeon)

   It affects your strength (+3).
   It affects your resistance to hostile enchantments.
   It lets you turn invisible.
   It increases your rate of regeneration.
Jewellery
 w - a cursed ring of teleportation (right hand)
Scrolls
 d - a scroll of enchant armour {unknown}
 e - 4 scrolls of remove curse {unknown}
 h - 3 scrolls of teleportation {unknown}
 j - 9 scrolls of identify {unknown}
 m - a scroll of recharging {unknown}
 n - 2 scrolls of amnesia {unknown}
 p - 2 scrolls of fog {unknown}
 u - 2 scrolls of magic mapping {unknown}
 A - a scroll of enchant weapon {unknown}
Potions
 i - a potion of might
 k - 2 potions of cancellation {unknown}
 l - a potion of invisibility {unknown}
 r - a potion of magic {unknown}
 t - a potion of flight {unknown}
Comestibles
 c - 2 bread rations
 f - a royal jelly
 o - 4 fruits
 q - 2 meat rations
 s - 16 chunks of flesh
 x - a beef jerky


   Skills:
 + Level 7.2 Fighting
 + Level 6.8 Axes
 + Level 6.7 Armour
 + Level 5.9 Dodging


You had 7 spell levels left.
You didn't know any spells.

Dungeon Overview and Level Annotations

Branches:
Dungeon (6/15)             Temple (0/1) D:5

Altars:
Xom
The Shining One

Shops:
D:5 (*[[


Innate Abilities, Weirdness & Mutations

You reflexively headbutt those who attack you in melee.
You have a pair of horns on your head.


Message History

* * * LOW HITPOINT WARNING * * *
The gnoll barely misses you.
Items here: )) †† a whip; a halberd; a gnoll corpse x2
The gnoll barely misses you. The gnoll hits you but does no damage.
There is an open door, spattered with blood here.
You see here a whip.
The gnoll closely misses you. The gnoll hits you but does no damage.
You fail to use your ability.
The gnoll closely misses you. You furiously retaliate!
You headbutt the gnoll!
You kill the gnoll!
Trog accepts your kill. The gnoll hits you but does no damage.
The gnoll hits you from afar with a spear.
* * * LOW HITPOINT WARNING * * *
It was a potion of might.
You feel very mighty all of a sudden. The gnoll barely misses you.
The gnoll hits you from afar with a spear.
You die...

#+###≈ ######++####### #.≈≈
............... #.≈≈
............... #.≈≈
............... #.≈≈
......)........ #.≈≈ ##)g##
#.≈≈ #.)gg####### #.≈≈
+..g)g@....+ #.≈≈
#...g####### #'###≈
#######''''#############...#≈
.......................#.gg#≈
≈≈≈≈≈≈≈....≈≈≈≈≈≈≈≈≈≈≈≈#####≈
≈≈≈≈≈≈≈....≈≈≈≈≈≈≈≈≈≈≈≈≈≈≈≈≈≈
≈≈≈≈≈≈≈)...≈≈≈≈≈≈≈≈≈≈≈≈≈≈≈≈≈≈
........÷..........)........P
.............................


You could see 6 gnolls.

Vanquished Creatures
  An ice beast (D:6)
  A phantom (D:5)
  An ogre (D:4)
  A gnoll sergeant (D:6)
  A scorpion (D:4)
  4 wights (D:4)
  The ghost of Frank the Cudgeler, a weakling GrGl (D:3)
  A crimson imp (D:6)
  2 hounds (D:6)
  A jelly (D:6)
  2 orc wizards (D:4)
  A gnoll shaman (D:6)
  An iguana (D:5)
  7 worker ants
  22 gnolls
  4 adders
  2 oozes
  3 worms
  4 dart slugs
  7 leopard geckos
  7 orcs
  2 bats
  4 giant cockroaches
  7 goblins
  6 hobgoblins
  12 jackals
  6 frilled lizards
  6 kobolds
  14 rats
131 creatures vanquished.

Notes
Turn   | Place    | Note
-------+----------+-------------------------------------------
     0 | D:1      | nikopol the Minotaur Berserker began the quest for the Orb.
     0 | D:1      | Reached XP level 1. HP: 19/19 MP: 0/0
    88 | D:1      | Reached skill level 4 in Fighting
    88 | D:1      | Reached XP level 2. HP: 15/27 MP: 1/1
   520 | D:1      | Reached XP level 3. HP: 33/33 MP: 2/2
  1103 | D:2      | Reached ** piety under Trog
  1391 | D:2      | Reached XP level 4. HP: 39/40 MP: 3/3
  1500 | D:3      | Noticed Frank's ghost (weakling GrGl)
  1508 | D:3      | Killed Frank's ghost
  1519 | D:3      | Reached XP level 5. HP: 31/47 MP: 4/4
  2225 | D:4      | Reached skill level 5 in Fighting
  2231 | D:4      | Reached skill level 5 in Axes
  2231 | D:4      | Reached XP level 6. HP: 56/56 MP: 5/5
  2709 | D:4      | Reached skill level 5 in Armour
  2949 | D:4      | Reached XP level 7. HP: 61/62 MP: 6/6
  3012 | D:4      | Reached *** piety under Trog
  3126 | D:5      | Entered Level 5 of the Dungeon
  3167 | D:5      | Found Xounuoz's Weapon Emporium.
  3190 | D:5      | Reached skill level 6 in Fighting
  3201 | D:5      | Found Lolifax's General Store.
  3294 | D:5      | Found a glowing golden altar of the Shining One.
  3320 | D:5      | Found a shimmering altar of Xom.
  3404 | D:5      | Reached skill level 5 in Dodging
  3421 | D:5      | Found a staircase to the Ecumenical Temple.
  3428 | D:5      | Found Urphache's Armour Shoppe.
  3505 | D:5      | Found Ismyr's Antique Armour Emporium.
  3508 | D:5      | Bought a transparent ring mail for 207 gold pieces
  3521 | D:5      | Identified the +2 ring mail of the Amoeba {+Inv MR- Regen+ Str+3} (You bought it in a shop on level 5 of the Dungeon)
  4032 | D:6      | Reached XP level 8. HP: 71/71 MP: 7/7
  4074 | D:6      | Reached **** piety under Trog
  4160 | D:6      | Reached skill level 7 in Fighting
  4179 | D:6      | Slain by a gnoll

Skill      XL: |  1  2  3  4  5  6  7  8 |
---------------+-------------------------+-----
Fighting       | 4 5 6 7 |  7.2
Axes           | 4 5 6 |  6.8
Armour         | 3 4 5 6 |  6.7
Dodging        | 3 4 5 |  5.9

Action                   |  1- 3 |  4- 6 |  7- 9 || total
-------------------------+-------+-------+-------++-------
Melee: Hand axe          |    83 |    73 |       ||   156
       Headbutt          |     6 |    11 |    11 ||    28
       Battleaxe         |       |    20 |    96 ||   116
Invok: Berserk           |       |     2 |     1 ||     3
  Use: Potion            |       |       |     1 ||     1
  Eat: Chunk             |       |     8 |     4 ||    12
Armor: Animal skin       |     2 |       |       ||     2
       Ring mail         |    19 |    16 |    55 ||    90
Dodge: Dodged            |    48 |    57 |   124 ||   229
